 Dungeon Crawl Stone Soup version 0.23.2 (webtiles) character file.

Game seed: 13269205992755764796

90472 Borgoz the Fighter (level 16, -5/102 HPs)
             Began as a Gargoyle Gladiator on Apr 9, 2019.
             Was a High Priest of Ashenzari.
             Slain by an alligator snapping turtle (21 damage)
             ... on level 1 of the Shoals.
             The game lasted 01:08:13 (25648 turns).

Borgoz the Fighter (Gargoyle Gladiator)            Turns: 25648, Time: 01:08:13

Health: -5/102     AC: 42    Str: 25    XL:     16   Next: 0%
Magic:  0/23       EV: 18    Int: 14    God:    Ashenzari [*****.]
Gold:   623        SH:  0    Dex: 24    Spells: 16/25 levels left

rFire    + . .     SeeInvis +   a - +7 rapier (venom)
rCold    + . .     Gourm    .   (no shield)
rNeg     + . .     Faith    .   B - +13 chain mail of Duck's Teeth {Int+4}
rPois    ∞         Spirit   +   O - +2 hat {MR+}
rElec    +         Reflect  .   r - scarf {rC+ rF+}
rCorr    .         Harm     .   A - +2 pair of gloves {Dex+3}
MR       ++...     Clarity  +   (no boots)
Stlth    ++........             H - amulet of guardian spirit
HPRegen  0.27/turn              S - +5 ring of dexterity
MPRegen  0.18/turn              k - +6 ring of strength (curse)

@: confusing touch, flying
A: big wings, negative energy resistance 1, electricity resistance, unbreathing,
petrification resistance, rot immunity, AC +12
a: Stop Flying, Curse Item, Scrying, Transfer Knowledge, Renounce Religion


You were on level 1 of the Shoals.
You worshipped Ashenzari.
Ashenzari was extremely pleased with you.
You were hungry.

You visited 4 branches of the dungeon, and saw 23 of its levels.
You also visited: Ice Cave and Volcano.

You collected 2160 gold pieces.
You spent 1537 gold pieces at shops.

Inventory:

Hand Weapons
 a - a +7 rapier of venom (weapon)
 b - a +1 rapier of electrocution
 J - a +1 rapier of flaming
Missiles
 d - 4 throwing nets (quivered)
 e - 11 tomahawks
Armour
 r - a scarf of resistance (worn)
 A - a +2 pair of gloves of dexterity (worn)
 B - the +13 chain mail of Duck's Teeth (worn) {Int+4}
   (You took it off an orc on level 5 of the Dungeon)

   It affects your intelligence (+4).
 O - a +2 hat of magic resistance (worn)
Jewellery
 k - a cursed +6 ring of strength (right hand)
 z - an uncursed ring of protection from fire
 C - an uncursed ring of wizardry
 D - an uncursed ring of resist corrosion
 H - an amulet of guardian spirit (around neck)
 K - an uncursed ring of ice
 L - an uncursed ring of protection from cold
 S - a +5 ring of dexterity (left hand)
 V - an uncursed ring of fire
Wands
 c - a wand of disintegration (10)
 x - a wand of scattershot (4)
 y - a wand of acid (17)
 T - a wand of enslavement (7)
Scrolls
 g - a scroll of summoning
 h - 14 scrolls of remove curse
 l - 11 scrolls of teleportation
 m - a scroll of blinking
 t - a scroll of holy word
 w - 4 scrolls of fog
 E - a scroll of magic mapping
 I - 2 scrolls of identify
Potions
 i - 6 potions of resistance
 n - 5 potions of haste
 o - 5 potions of agility
 q - 9 potions of curing
 s - 3 potions of heal wounds
 M - a potion of ambrosia
 X - a potion of cancellation
Comestibles
 f - 35 rations
 j - 22 chunks of flesh


   Skills:
 * Level 12.3 Fighting
 * Level 12.3 Short Blades
 - Level 1.7 Throwing
 * Level 12.2 Armour
 * Level 11.4 Dodging
 + Level 11.1 Stealth
 - Level 5.0 Spellcasting
 - Level 5.0 Conjurations
 + Level 4.1 Hexes
 - Level 3.0 Translocations
 - Level 5.0 Evocations


You had 16 spell levels left.
You knew the following spells:

 Your Spells              Type           Power        Failure   Level  Hunger
a - Confusing Touch       Hex            ###...       14%         1    None
b - Blink                 Tloc           N/A          34%         2    ##.....
c - Mephitic Cloud        Conj/Pois/Air  #.......     77%         3    ###....
d - Regeneration          Chrm/Necr      #.........   93%         3    ###....

Your spell library contained the following spells:

 Spells                   Type           Power        Failure   Level  Hunger
 Magic Dart               Conj           ###.         10%         1    None
 Apportation              Tloc           ##....       22%         1    None
 Slow                     Hex            ###.....     22%         2    ##.....
 Confuse                  Hex            ###.....     41%         3    ###....
 Gell's Gravitas          Tloc           ##........   56%         3    ###....
 Animate Skeleton         Necr           N/A          61%         1    None
 Pain                     Necr           #...         61%         1    None
 Summon Small Mammal      Summ           #...         61%         1    None
 Conjure Flame            Conj/Fire      ##......     63%         3    ###....
 Summon Guardian Golem    Hex/Summ       #.......     71%         3    ###....
 Call Imp                 Summ           #.......     75%         2    ##.....
 Cause Fear               Hex            ###.......   82%         4    ####...
 Call Canine Familiar     Summ           #.......     93%         3    ###....
 Vampiric Draining        Necr           #.........   93%         3    ###....
 Animate Dead             Necr           N/A          100%        4    ####...
 Petrify                  Tmut/Erth      #.......     100%        4    ####...
 Summon Ice Beast         Ice/Summ       #.......     100%        4    ####...
 Summon Lightning Spire   Summ/Air       #.......     100%        4    ####...
 Metabolic Englaciation   Hex/Ice        #.........   100%        5    ######.
 Silence                  Hex/Air        #.........   100%        5    ######.
 Yara's Violent Unravell  Hex/Tmut       #.........   100%        5    ######.
 Deflect Missiles         Chrm/Air       #.........   100%        6    #######
 Discord                  Hex            ###.......   100%        8    #######


Dungeon Overview and Level Annotations

Branches:
Dungeon (15/15)            Temple (1/1) D:4            Lair (6/6) D:8
 Shoals (1/4) Lair:4        Snake (0/4) Lair:2        Slime (0/5) Lair:6
    Orc (0/2) D:10         Vaults (0/5) D:13         Depths (0/5) D:15

Altars:
Ashenzari
Cheibriados
Dithmenos
Elyvilon
Fedhas
Gozag
Hepliaklqana
Kikubaaqudgha
Makhleb
Nemelex Xobeh
Okawaru
Qazlal
Ru
Sif Muna
Trog
Uskayaw
Vehumet
Wu Jian
Xom
Yredelemnul
Zin
The Shining One

Shops:
D:8 :**   D:10 !   D:12 %   D:15 *}(%*

Annotations:
Lair:2 exclusion: 4 oklob plants
Lair:3 3 runed translucent doors, nuthulu's ghost, journeyman HaFi


Innate Abilities, Weirdness & Mutations

You are resistant to torment.
Your stone body is resilient. (AC +12)
You are immune to poison.
Your large and strong wings let you fly indefinitely.
You resist negative energy. (rN+)
You are resistant to electric shocks. (rElec)
You can survive without breathing.
You are immune to petrification.
You are immune to rotting.


Message History

Cast which spell? (? or * to list)
Your hands begin to glow red.
The alligator snapping turtle bites you but does no damage.
The alligator snapping turtle bites you but does no damage.
The alligator snapping turtle completely misses you.
You hit the alligator snapping turtle but do no damage.
The alligator snapping turtle is severely wounded.
The alligator snapping turtle bites you but does no damage.
You hit the alligator snapping turtle but do no damage.
The alligator snapping turtle is severely wounded.
You hit the alligator snapping turtle but do no damage.
The alligator snapping turtle is severely wounded.
The alligator snapping turtle is no longer covered in acid.
The alligator snapping turtle bites you!
* * * LOW HITPOINT WARNING * * *
The alligator snapping turtle completely misses you.
You hit the alligator snapping turtle but do no damage.
The alligator snapping turtle is severely wounded.
The alligator snapping turtle bites you!!
You die...

, ≈≈≈≈ ≈≈ ≈≈≈≈≈≈≈≈≈≈≈≈≈≈≈≈ ≈≈
≈≈≈≈≈≈≈≈≈≈≈≈≈≈≈≈≈≈≈≈≈≈≈≈≈ , ≈ ≈
≈≈≈≈≈≈≈≈≈≈≈≈...≈≈≈≈≈≈≈≈≈≈≈ **,,
≈≈≈≈≈≈≈≈≈≈≈≈≈....≈≈≈≈≈≈≈≈≈ ,
≈≈≈≈≈≈≈≈≈≈≈≈≈≈≈##..≈≈≈≈≈≈≈≈≈≈ *,
≈≈≈≈≈≈≈≈≈≈≈≈≈≈..#..≈≈≈≈≈≈≈≈≈
..≈≈≈≈≈≈≈≈≈≈≈≈≈≈≈..##.†≈≈..≈≈≈≈≈
..≈≈≈≈≈≈≈≈≈≈≈≈≈≈≈≈..##†≈≈≈..≈≈≈≈
.≈≈≈≈≈≈≈≈≈≈≈≈≈≈≈@t≈...≈≈≈≈≈≈≈≈≈≈
..≈≈.≈.≈≈≈≈≈≈≈≈≈≈≈≈..≈≈≈≈≈≈≈≈≈≈≈
..≈≈≈≈..≈≈≈≈≈≈≈≈≈≈≈≈.≈≈≈≈≈≈≈≈≈≈≈≈
...≈≈..≈≈≈≈≈≈≈≈≈≈≈≈≈≈≈≈≈≈≈≈≈≈≈≈≈
....≈≈≈..≈≈≈≈≈≈≈≈≈≈≈≈≈≈≈≈≈≈≈≈≈≈
#...≈≈(.(.(≈≈≈≈≈≈≈≈≈≈≈≈≈≈≈≈≈≈≈≈≈≈
##..≈.###(..≈≈≈≈≈≈≈≈≈≈≈≈≈≈≈≈≈≈ ≈
...#### ##.≈≈≈≈≈≈≈≈≈≈≈≈≈≈≈≈≈≈≈≈
(.## #....≈≈≈≈≈≈≈≈≈≈≈≈≈≈ ≈≈


You could see an alligator snapping turtle.

Vanquished Creatures
  Kirke (Shoals:1)
  A frost giant (IceCv)
  Azrael (D:14)
  A merfolk javelineer (Shoals:1)
  2 merfolk impalers (Shoals:1)
  4 vault guards (D:13)
  6 hydras
  An ice dragon (Lair:5)
  A catoblepas (Lair:6)
  4 centaur warriors
  A death knight (D:14)
  A queen ant (Lair:3)
  A deep troll shaman (Lair:6)
  An ogre mage (D:15)
  5 two-headed ogres
  3 death yaks (Lair:6)
  A tengu warrior (D:14)
  The ghost of Tramtrist the Protected, a novice GnWn of Trog (D:8)
  A vampire mage (D:15)
  Urug (D:10)
  A deep elf knight (D:14)
  The ghost of dengdeng the Protected, a novice MiBe of Trog (D:8)
  2 sea snakes (Shoals:1)
  2 skeletal warriors
  An unseen horror (D:15)
  3 deep elf archers (D:14)
  A phantasmal warrior (D:13)
  4 harpies (Shoals:1)
  An orc knight (D:15)
  15 deep elf magi
  4 fauns (Shoals:1)
  A necromancer (D:15)
  8 ugly things
  A cyclops (D:14)
  2 elephants (Lair:6)
  Psyche (D:10)
  A black mamba (Lair:2)
  2 ice statues (IceCv)
  2 merfolk sirens
  A torpor snail (Lair:5)
  5 gargoyles
  3 komodo dragons
  An efreet (Volcano)
  10 spiny frogs
  A freezing wraith (D:13)
  A yaktaur zombie (D:15)
  A tengu conjurer (D:14)
  7 merfolk (Shoals:1)
  A guardian mummy (D:15)
  4 trolls
  14 polar bears (IceCv)
  A hornet (D:13)
  A wind drake (Shoals:1)
  6 slime creatures (D:15)
  A fire dragon zombie (D:15)
  14 hippogriffs
  An ettin zombie (D:15)
  3 shadows
  2 wraiths (D:14)
  45 yaks
  A human (D:10)
  2 hogs (Shoals:1)
  4 fire elementals (D:14)
  3 wyverns
  3 hungry ghosts
  5 vampire mosquitoes
  A tengu zombie (D:15)
  6 soldier ants (Lair:3)
  13 water moccasins
  6 hell hounds
  6 porcupines
  3 ice beasts
  8 orc warriors
  2 sky beasts
  4 black bears
  A phantom (D:10)
  3 eyes of draining
  2 necrophages
  22 wolves
  3 boggarts (D:15)
  6 ogres
  12 centaurs
  11 crocodiles
  5 big kobolds
  2 gnoll sergeants (D:9)
  21 bullfrogs
  2 wyvern zombies
  A water moccasin zombie (D:6)
  A wyvern skeleton (D:10)
  7 scorpions
  13 killer bees
  11 wights
  3 howler monkeys
  9 crimson imps
  3 bullfrog zombies
  2 centaur zombies
  6 jellies
  7 hounds
  7 orc priests
  3 centaur skeletons
  13 orc wizards
  Jessica (D:2)
  7 iguanas
  35 worker ants
  A worker ant zombie (D:10)
  14 gnolls
  13 adders
  A howler monkey skeleton (D:4)
  3 shadow imps
  3 white imps (Lair:5)
  4 oozes
  2 adder skeletons
  3 worms
  3 dart slugs (D:3)
  7 leopard geckos
  42 orcs
  3 bats
  8 giant cockroaches
  3 goblins
  7 hobgoblins
  16 jackals
  3 quokkas
  4 ball pythons
  5 frilled lizards
  43 kobolds
  A quokka skeleton (D:6)
  9 rats
  A butterfly (Lair:5)
  A plant (Lair:6)
700 creatures vanquished.

Vanquished Creatures (others)
  A spiny frog (Lair:6)
  An orc wizard (D:5)
  A worker ant (D:14)
  3 fungi (Lair:6)
  2 plants (Shoals:1)
  6 withered plants (D:8)
14 creatures vanquished.

Grand Total: 714 creatures vanquished

Notes
Turn   | Place    | Note
-------+----------+-------------------------------------------
     0 | D:1      | Borgoz the Gargoyle Gladiator began the quest for the Orb.
     0 | D:1      | Reached XP level 1. HP: 12/12 MP: 1/1
   171 | D:1      | Reached XP level 2. HP: 18/18 MP: 2/2
   755 | D:1      | Reached XP level 3. HP: 22/22 MP: 3/3
   810 | D:2      | Reached skill level 1 in Stealth
   877 | D:2      | Noticed Jessica
   892 | D:2      | Killed Jessica
   892 | D:2      | Reached skill level 1 in Armour
   892 | D:2      | Reached XP level 4. HP: 24/27 MP: 4/4
  1600 | D:3      | Reached XP level 5. HP: 17/32 MP: 5/5
  2100 | D:3      | Reached XP level 6. HP: 30/37 MP: 6/6
  2431 | D:3      | Found a hide-covered altar of Uskayaw.
  2431 | D:3      | Found a glowing golden altar of the Shining One.
  2432 | D:3      | Found a shimmering altar of Xom.
  2564 | D:4      | Found a staircase to the Ecumenical Temple.
  2581 | Temple   | Entered the Ecumenical Temple
  3196 | D:4      | Reached XP level 7. HP: 24/41 MP: 7/7
  3588 | D:4      | Found a sacrificial altar of Ru.
  3813 | D:4      | Found an iron altar of Okawaru.
  3868 | D:4      | Found a shadowy altar of Dithmenos.
  4134 | D:5      | Entered Level 5 of the Dungeon
  4506 | D:5      | Reached skill level 5 in Short Blades
  4506 | D:5      | Reached XP level 8. HP: 23/48 MP: 8/8
  4877 | D:5      | Identified the +13 chain mail of Duck's Teeth {Int+4}
  5098 | D:5      | Reached skill level 5 in Dodging
  5446 | D:6      | Found a blossoming altar of Fedhas.
  5563 | D:6      | Noticed a two-headed ogre
  5617 | D:6      | Killed a two-headed ogre
  5617 | D:6      | Reached skill level 5 in Fighting
  5617 | D:6      | Reached skill level 5 in Stealth
  5617 | D:6      | Reached XP level 9. HP: 37/54 MP: 9/9
  5802 | D:6      | Found an opulent altar of Gozag.
  5803 | D:6      | Found a burning altar of Makhleb.
  5879 | D:6      | Found a white marble altar of Elyvilon.
  5879 | D:6      | Found a shattered altar of Ashenzari.
  5879 | D:6      | Found a sacrificial altar of Ru.
  5903 | D:6      | Became a worshipper of Ashenzari the Shackled
  6068 | D:6      | Reached skill level 5 in Armour
  6867 | D:7      | Reached XP level 10. HP: 47/60 MP: 10/10
  7351 | D:8      | Found Quigauno's General Store.
  7387 | D:8      | Bought a scroll of identify for 24 gold pieces
  7390 | D:8      | Bought an uncursed ring of see invisible for 180 gold
                  | pieces
  7395 | D:8      | Learned a level 2 spell: Blink
  7399 | D:8      | Learned a level 3 spell: Mephitic Cloud
  7515 | D:8      | Found a runed translucent gate.
  7515 | D:8      | Found a runed translucent gate.
  7515 | D:8      | Found a runed translucent gate.
  7515 | D:8      | Noticed dengdeng's ghost (novice MiBe)
  7516 | D:8      | Noticed Tramtrist's ghost (novice GnWn)
  7525 | D:8      | Found Atiyfocy's Book Boutique.
  7583 | D:8      | Reached * piety under Ashenzari
  7603 | D:8      | Found Maisor's Assorted Antiques.
  7613 | D:8      | Bought a scroll labeled HYUSIGUBRI for 26 gold pieces
  7613 | D:8      | Bought a pink potion for 23 gold pieces
  7613 | D:8      | Bought a scroll labeled NEGRAMYRA for 26 gold pieces
  7613 | D:8      | Bought a glowing dagger for 130 gold pieces
  7613 | D:8      | Bought 2 brown potions for 46 gold pieces
  7659 | D:8      | Reached skill level 1 in Conjurations
  8054 | D:8      | Found a staircase to the Lair.
  8071 | Lair:1   | Entered Level 1 of the Lair of Beasts
  8132 | Lair:1   | Noticed a spiny frog
  8141 | Lair:1   | Killed a spiny frog
  8141 | Lair:1   | Reached skill level 1 in Evocations
  8387 | D:9      | Noticed a white ugly thing
  8407 | D:9      | Killed a white ugly thing
  8686 | D:9      | Reached XP level 11. HP: 59/66 MP: 12/12
  9258 | D:10     | Entered Level 10 of the Dungeon
  9274 | D:10     | Noticed Psyche
  9292 | D:10     | Killed Psyche
  9814 | D:10     | Noticed Urug
  9852 | D:10     | Killed Urug
  9867 | D:10     | Noticed a two-headed ogre
  9874 | D:10     | Killed a two-headed ogre
 10030 | D:10     | Found a staircase to the Orcish Mines.
 10035 | D:10     | Found Joxetott's Distillery.
 10043 | D:10     | Bought a potion of might for 44 gold pieces
 10394 | D:11     | Noticed a six-headed hydra
 10488 | D:11     | Killed a six-headed hydra
 11138 | D:11     | Reached XP level 12. HP: 48/73 MP: 14/14
 11188 | D:11     | Noticed a centaur warrior
 11205 | D:11     | Killed a centaur warrior
 11359 | D:12     | Found Xiess's Food Shop.
 11359 | D:12     | Noticed a two-headed ogre
 11372 | D:12     | Killed a two-headed ogre
 11764 | D:12     | Reached ** piety under Ashenzari
 12007 | D:12     | Found a snail-covered altar of Cheibriados.
 12210 | D:13     | Noticed a four-headed hydra
 12233 | D:12     | Killed a four-headed hydra
 12363 | D:13     | Reached skill level 5 in Conjurations
 12583 | D:13     | Found a gate to the Vaults.
 12583 | D:13     | Noticed a centaur warrior
 12583 | D:13     | Noticed a vault guard
 12583 | D:13     | Noticed a vault guard
 12583 | D:13     | Noticed a vault guard
 12584 | D:13     | Noticed a vault guard
 12613 | D:13     | Killed a vault guard
 12613 | D:13     | Reached skill level 1 in Translocations
 12657 | D:13     | Killed a vault guard
 12657 | D:13     | Reached skill level 1 in Spellcasting
 12689 | D:13     | Killed a vault guard
 12692 | D:13     | Killed a centaur warrior
 12692 | D:13     | Reached skill level 10 in Short Blades
 12716 | D:13     | Killed a vault guard
 12903 | D:13     | Noticed a centaur warrior
 12916 | D:13     | Killed a centaur warrior
 12916 | D:13     | Reached XP level 13. HP: 75/80 MP: 16/16
 13839 | D:14     | Noticed Azrael
 14017 | D:14     | Killed Azrael
 14104 | D:14     | Reached skill level 5 in Evocations
 14459 | D:8      | Killed Tramtrist's ghost
 14509 | D:8      | Killed dengdeng's ghost
 15581 | Lair:2   | Reached skill level 10 in Fighting
 15628 | Lair:2   | Reached skill level 10 in Dodging
 15879 | Lair:2   | Found a staircase to the Snake Pit.
 16237 | Lair:3   | Reached *** piety under Ashenzari
 16591 | Lair:3   | Found a dark tunnel.
 16654 | Volcano  | Entered a volcano
 16884 | Volcano  | Reached skill level 10 in Armour
 17129 | Lair:3   | Gained mutation: Your large and strong wings let you fly
                  | indefinitely. [Gargoyle growth]
 17129 | Lair:3   | Reached XP level 14. HP: 88/88 MP: 19/19
 17186 | Lair:3   | Learned a level 1 spell: Confusing Touch
 17189 | Lair:3   | Found a runed translucent gate.
 17189 | Lair:3   | Found a runed translucent gate.
 17189 | Lair:3   | Found a runed translucent gate.
 17191 | Lair:3   | Noticed nuthulu's ghost (journeyman HaFi)
 18168 | Lair:4   | Found a frozen archway.
 18196 | IceCv    | Entered an ice cave
 18272 | IceCv    | Reached skill level 1 in Hexes
 18822 | IceCv    | Noticed a frost giant
 18850 | IceCv    | Killed a frost giant
 18915 | IceCv    | Reached skill level 10 in Stealth
 18922 | IceCv    | Got the uncursed hat of the Five Wonders {*Corrode rPois
                  | Str+9}
 18927 | IceCv    | Got the cursed halberd of Twilight {chop, MR++ Str+3 Dex-3}
 19336 | Lair:4   | Found a staircase to the Shoals.
 19893 | Lair:5   | Reached **** piety under Ashenzari
 20658 | Lair:6   | Entered Level 6 of the Lair of Beasts
 20959 | Lair:6   | Found a staircase to the Slime Pits.
 22166 | Lair:1   | Identified the +1 hat of the Five Wonders {*Corrode rPois
                  | Str+9} (You found it in an ice cave)
 22423 | D:14     | Reached XP level 15. HP: 76/95 MP: 11/21
 22831 | D:14     | Learned a level 3 spell: Regeneration
 22930 | D:15     | Entered Level 15 of the Dungeon
 23124 | D:15     | Found Ucykan's Antique Weapon Shoppe.
 23134 | D:15     | Found Lunnifeu's Gadget Emporium.
 23137 | D:15     | Found Irghupt's Assorted Antiques.
 23148 | D:15     | Bought a scroll of brand weapon for 660 gold pieces
 23148 | D:15     | Bought a scroll labeled DOIWYXKEGHO for 33 gold pieces
 23161 | D:15     | Found a staircase to the Depths.
 23407 | D:15     | Reached skill level 5 in Spellcasting
 23674 | D:15     | Found Feikhys's Food Emporium.
 24075 | D:15     | Found Ziff's Assorted Antiques.
 24578 | D:15     | Bought a blackened peridot ring for 115 gold pieces
 24578 | D:15     | Bought a twisted diamond ring for 115 gold pieces
 24578 | D:15     | Bought a blackened cameo amulet for 115 gold pieces
 24915 | Shoals:1 | Entered Level 1 of the Shoals
 24915 | Shoals:1 | Reached ***** piety under Ashenzari
 25373 | Shoals:1 | Found a stormy altar of Qazlal.
 25464 | Shoals:1 | Noticed Kirke
 25494 | Shoals:1 | Killed Kirke
 25616 | Shoals:1 | Reached XP level 16. HP: 52/102 MP: 15/23
 25648 | Shoals:1 | Slain by an alligator snapping turtle

Skill      XL: |  1  2  3  4  5  6  7  8  9 10 11 12 13 14 15 |
---------------+----------------------------------------------+-----
Short Blades   | 3 4 5 6 7 8 9 10 11 12 | 12.3
Stealth        | 1 2 3 5 6 8 9 10 11 | 11.1
Armour         | 1 2 3 4 5 6 7 8 10 11 12 | 12.2
Dodging        | 3 4 5 6 7 8 9 10 11 | 11.4
Fighting       | 3 4 5 6 7 9 10 11 12 | 12.3
Conjurations   | 2 4 5 |  5.0
Evocations     | 2 3 4 5 |  5.0
Translocations | 1 3 |  3.0
Spellcasting   | 1 3 4 5 |  5.0
Hexes          | 2 4 |  4.1
Throwing       | |  1.7

Action                   |  1- 3 |  4- 6 |  7- 9 | 10-12 | 13-15 | 16-18 || total
-------------------------+-------+-------+-------+-------+-------+-------++-------
Melee: Rapier            |    95 |   274 |   583 |   188 |   619 |    14 ||  1773
       Dagger            |       |       |       |  1095 |  2158 |       ||  3253
       Short sword       |       |       |       |       |    53 |       ||    53
Throw: Throwing net      |       |       |     2 |     8 |       |       ||    10
 Cast: Confusing Touch   |       |       |       |       |       |     1 ||     1
 Abil: Fly               |       |       |       |       |     1 |       ||     1
Evoke: Wand              |       |       |       |       |     3 |     1 ||     4
  Use: Scroll            |       |       |     7 |    19 |    23 |       ||    49
       Potion            |       |       |     1 |       |    11 |       ||    12
 Stab: Sleeping          |       |     1 |     3 |       |     3 |       ||     7
       Paralysed         |       |       |     1 |       |       |       ||     1
       Held in net/web   |       |       |     2 |     8 |       |       ||    10
  Eat: Chunk             |       |     8 |    12 |    22 |    32 |       ||    74
       Ration            |       |       |       |     1 |     4 |       ||     5
Armor: Leather armour    |    31 |   118 |   111 |       |       |       ||   260
       Chain mail        |       |       |   211 |   689 |  1433 |     6 ||  2339
Dodge: Dodged            |    65 |   218 |   413 |   626 |  1593 |     4 ||  2919
